 Dungeon Crawl Stone Soup version 0.20.0 (webtiles) character file.

20182 SpeedrunTech the Severer (level 12, -5/117 HPs)
             Began as a Minotaur Berserker on June 11, 2017.
             Was a High Priest of Trog.
             Slain by an entropy weaver (14 damage)
             ... on level 5 of the Lair of Beasts.
             The game lasted 00:06:19 (8040 turns).

SpeedrunTech the Severer (Minotaur Berserker)       Turns: 8040, Time: 00:06:19

Health: -5/117     AC:  2    Str: 26    XL:     12   Next: 43%
Magic:  11/11      EV:  7    Int:  4    God:    Trog [*****.]
Gold:   601        SH:  0    Dex: 11    Spells: 11/11 levels left

rFire    . . .     SeeInvis .   a - +0 war axe
rCold    . . .     Gourm    .   (no shield)
rNeg     . . .     Faith    .   l - +2 plate armour
rPois    .         Spirit   .   z - +0 hat
rElec    .         Reflect  .   (no cloak)
rCorr    +         Harm     .   (no gloves)
MR       .....                  (no boots)
Stlth    ..........             o - amulet of regeneration
Regen    0.7/turn               x - +1 ring of protection
MPRegen  0.2/turn               B - ring of resist corrosion

@: corroded, berserk cooldown, slowed, very slow
A: retaliatory headbutt, horns 2
a: Berserk, Trog's Hand, Brothers in Arms, Burn Spellbooks, Renounce Religion


You were on level 5 of the Lair of Beasts.
You worshipped Trog.
Trog was extremely pleased with you.
You were hungry.

You visited 2 branches of the dungeon, and saw 14 of its levels.

You collected 601 gold pieces.

Inventory:

Hand Weapons
 a - a +0 war axe (weapon)
 t - a +2 war axe
 D - the +8 broad axe of the Spectre {chop, rF+ Str+7 Int-4 SInv}
   (You acquired it on level 3 of the Lair of Beasts)

   It inflicts extra damage upon your enemies.
   It affects your strength (+7).
   It affects your intelligence (-4).
   It protects you from fire.
   It lets you see invisible.
Armour
 l - a +2 plate armour (worn)
 z - a +0 hat (worn)
Jewellery
 d - an uncursed ring of protection from magic
 h - a +1 ring of protection
 o - an amulet of regeneration (around neck)
 x - a +1 ring of protection (left hand)
 B - a ring of resist corrosion (right hand)
Wands
 k - a wand of lightning (10/15)
 A - a wand of digging (12/24)
Scrolls
 f - 2 scrolls of teleportation
 u - 3 scrolls of recharging
 v - 7 scrolls of remove curse
 w - 2 scrolls of fog
 y - 3 scrolls of magic mapping
 F - a scroll of identify
Potions
 b - 3 potions of mutation {!q!q}
 e - 2 potions of might
 i - 3 potions of invisibility
 j - a potion of agility
 m - 3 potions of lignification {!q}
 n - 5 potions of curing {unknown}
 q - 6 potions of heal wounds {unknown}
 s - a potion of magic {unknown}
 C - a potion of brilliance {unknown}
 E - a potion of resistance {unknown}
Comestibles
 c - 5 bread rations
 g - 7 meat rations
 p - 6 royal jellies
 r - 10 fruits
 G - 7 chunks of flesh


   Skills:
 + Level 14.1 Fighting
 * Level 18.9 Axes
 - Level 2.4 Armour
 - Level 2.1 Dodging


You had 11 spell levels left.
You didn't know any spells.

Dungeon Overview and Level Annotations

Branches:
Dungeon (9/15)               Lair (5/6) D:9           Swamp (0/4) Lair:3
  Snake (0/4) Lair:3
 Temple: D:4-7        Slime: Lair:5-6       Orc: D:9-12

Altars:
Ashenzari
Cheibriados
Elyvilon
Nemelex Xobeh
Uskayaw
Yredelemnul

Annotations:
D:9 2 transporters, exclusion: oklob plant


Innate Abilities, Weirdness & Mutations

You reflexively headbutt those who attack you in melee.
You have a pair of horns on your head.


Message History

The soldier ant stings you but does no damage.
Your ogre hits the soldier ant with a giant club!!
The entropy weaver hits you! The entropy weaver barely misses you.
The entropy weaver hits you! x2
* * * LOW HITPOINT WARNING * * *
The soldier ant stings your ogre!
Your ogre looks as sick as possible!
The soldier ant poisons your ogre!
You are too injured to fight recklessly!
Unknown command.
Unknown command.
Your ogre barely misses the soldier ant.
The soldier ant stings your ogre!
Your ogre looks as sick as possible!
The soldier ant poisons your ogre! The entropy weaver hits you!
* * * LOW HITPOINT WARNING * * *
The entropy weaver hits you!
* * * LOW HITPOINT WARNING * * *
The entropy weaver hits you!
You die...

##. #...........## .#..
##$.P.P.#....# ....?
#.#....#...##
.....###..........#
....P..†........##
#.#a.P......#...#
#.....J....##..##
#%...aO....##...##
#....a@....#....P# ......#.
##.....%........## .......#
#P.........>...##
.......####...P.†.........#
.........###..P..?.......##
........#..P..#...........##
.............P.............#
..................†...P.#.##
...÷÷................######


You could see an entropy weaver, 2 soldier ants, a jelly and a friendly ogre
(berserk).

Vanquished Creatures
  Gastronok (Lair:3)
  2 hydras
  Pikel (D:8)
  3 black mambas
  6 spiny frogs
  The ghost of aesoa the Skirmisher, a novice OpMo of Qazlal (D:6)
  4 komodo dragons
  3 polar bears
  11 blink frogs
  6 dream sheep (Lair:5)
  4 hippogriffs (Lair:1)
  2 spriggans
  3 yaks (Lair:4)
  A wyvern (D:9)
  6 soldier ants (Lair:5)
  17 water moccasins
  A swamp drake (D:9)
  8 porcupines
  2 black bears
  A slave (D:8)
  15 wolves
  2 phantoms (D:8)
  An ogre (D:8)
  2 centaurs (D:8)
  5 crocodiles
  A big kobold (D:8)
  8 bullfrogs
  A wyvern skeleton (D:8)
  A scorpion (D:5)
  4 wights (D:9)
  A howler monkey (D:4)
  A crimson imp (D:9)
  A jelly (D:5)
  A hound (D:4)
  6 orc wizards
  2 gnoll shamans
  An iron imp (D:8)
  2 bullfrog skeletons
  2 worker ants
  2 hound skeletons
  A howler monkey zombie (D:6)
  Robin (D:2)
  10 gnolls
  8 adders
  A shadow imp (D:8)
  An ooze (D:2)
  A worm (D:4)
  A dart slug (D:1)
  A leopard gecko (D:2)
  13 orcs
  3 ball pythons
  2 giant cockroaches
  8 hobgoblins
  11 kobolds
  A quokka (D:2)
  2 bats (D:2)
  4 frilled lizards
  7 goblins (D:2)
  3 leopard gecko skeletons
  A quokka skeleton (D:4)
  3 rats
  2 fungi (Lair:4)
  3 plants
230 creatures vanquished.

Vanquished Creatures (collateral kills)
  4 soldier ants (Lair:5)
  A worker ant (Lair:5)
5 creatures vanquished.

Vanquished Creatures (others)
  2 orcs (D:8)
  3 hobgoblins (D:8)
  A fungus (Lair:5)
  9 plants
15 creatures vanquished.

Grand Total: 250 creatures vanquished

Notes
Turn   | Place    | Note
-------+----------+-------------------------------------------
     0 | D:1      | SpeedrunTech the Minotaur Berserker began the quest for the Orb.
     0 | D:1      | Reached XP level 1. HP: 19/19 MP: 0/0
   204 | D:2      | Reached skill level 4 in Axes
   204 | D:2      | Reached XP level 2. HP: 27/27 MP: 1/1
   229 | D:2      | Noticed Robin
   425 | D:2      | Killed Robin
   425 | D:2      | Reached XP level 3. HP: 24/33 MP: 2/2
   774 | D:2      | Reached ** piety under Trog
   781 | D:2      | Reached skill level 5 in Axes
   813 | D:3      | Reached XP level 4. HP: 41/41 MP: 3/3
   957 | D:4      | Found a sparkling altar of Nemelex Xobeh.
   957 | D:4      | Found a white marble altar of Elyvilon.
  1126 | D:4      | Reached skill level 5 in Fighting
  1135 | D:4      | Reached XP level 5. HP: 27/48 MP: 4/4
  1219 | D:4      | Reached skill level 6 in Axes
  1303 | D:5      | Entered Level 5 of the Dungeon
  1452 | D:5      | Reached XP level 6. HP: 53/56 MP: 5/5
  1554 | D:6      | Reached skill level 7 in Axes
  1760 | D:6      | Noticed a water moccasin
  1760 | D:6      | Noticed aesoa's ghost (novice OpMo)
  1770 | D:6      | Killed aesoa's ghost
  1770 | D:6      | Reached skill level 8 in Axes
  1770 | D:6      | Reached XP level 7. HP: 64/64 MP: 6/6
  1775 | D:6      | Reached skill level 9 in Axes
  1848 | D:8      | Found a snail-covered altar of Cheibriados.
  1913 | D:8      | Reached *** piety under Trog
  1913 | D:8      | Reached XP level 8. HP: 48/73 MP: 7/7
  1959 | D:8      | Reached skill level 10 in Axes
  2065 | D:8      | Noticed Pikel
  2073 | D:8      | Killed Pikel
  2073 | D:8      | Reached skill level 11 in Axes
  2342 | D:8      | Reached XP level 9. HP: 83/83 MP: 8/8
  2524 | D:8      | Reached skill level 12 in Axes
  2830 | D:9      | Reached **** piety under Trog
  2943 | D:9      | Noticed a komodo dragon
  2950 | D:9      | Killed a komodo dragon
  3102 | D:9      | Found a staircase to the Lair.
  3234 | D:9      | Found a basalt altar of Yredelemnul.
  3257 | D:9      | Noticed an oklob plant
  3258 | D:9      | Found a shattered altar of Ashenzari.
  3284 | D:9      | Reached skill level 13 in Axes
  3644 | D:9      | Reached skill level 10 in Fighting
  3813 | Lair:1   | Entered Level 1 of the Lair of Beasts
  3878 | Lair:1   | Found a hide-covered altar of Uskayaw.
  3879 | Lair:1   | Noticed a komodo dragon
  3887 | Lair:1   | Killed a komodo dragon
  3968 | Lair:1   | Reached XP level 10. HP: 85/94 MP: 9/9
  4155 | Lair:1   | Reached skill level 14 in Axes
  4291 | Lair:1   | Noticed a four-headed hydra
  4299 | Lair:1   | Killed a ten-headed hydra
  4487 | Lair:1   | Noticed a black mamba
  4489 | Lair:1   | Killed a black mamba
  4894 | Lair:2   | Noticed a six-headed hydra
  4907 | Lair:2   | Killed a 15-headed hydra
  4907 | Lair:2   | Reached skill level 15 in Axes
  5155 | Lair:2   | Reached XP level 11. HP: 104/104 MP: 10/10
  5380 | Lair:2   | Reached skill level 16 in Axes
  6079 | Lair:3   | Found a staircase to the Swamp.
  6213 | Lair:3   | Found a frozen archway.
  6236 | Lair:3   | Found a staircase to the Snake Pit.
  6257 | Lair:3   | Reached ***** piety under Trog
  6447 | Lair:3   | Reached skill level 17 in Axes
  6527 | Lair:3   | Identified a scroll of acquirement
  6528 | Lair:3   | Got a slimy broad axe
  6529 | Lair:3   | Lost intelligence.
  6529 | Lair:3   | Identified the +8 broad axe of the Spectre {chop, rF+ Str+7 Int-4 SInv} (You acquired it on level 3 of the Lair of Beasts)
  6670 | Lair:3   | Noticed Gastronok
  6689 | Lair:3   | Killed Gastronok
  7118 | Lair:4   | Reached XP level 12. HP: 72/115 MP: 11/11
  7125 | Lair:4   | Reached skill level 18 in Axes
  7441 | Lair:4   | Found a labyrinth entrance.
  8035 | Lair:5   | Noticed an entropy weaver
  8040 | Lair:5   | HP: 9/117 [entropy weaver (10)]
  8040 | Lair:5   | Slain by an entropy weaver

Skill      XL: |  1  2  3  4  5  6  7  8  9 10 11 12 |
---------------+-------------------------------------+-----
Fighting       | 4 5 6 7 9 10 12 13 14 | 14.1
Axes           | 4 5 6 8 9 11 13 15 17 18 | 18.9
Armour         | |  2.4
Dodging        | |  2.1

Action                   |  1- 3 |  4- 6 |  7- 9 | 10-12 || total
-------------------------+-------+-------+-------+-------++-------
Melee: Hand axe          |    56 |    93 |    23 |       ||   172
       Headbutt          |     6 |    16 |    37 |    65 ||   124
       War axe           |       |       |   156 |   342 ||   498
Invok: Berserk           |     3 |     2 |     5 |    11 ||    21
       Trog's Hand       |       |     1 |     1 |     6 ||     8
       Burn Spellbooks   |       |     1 |     1 |     1 ||     3
       Brothers in Arms  |       |       |       |     1 ||     1
  Use: Scroll            |       |     5 |     5 |     8 ||    18
  Eat: Chunk             |     1 |     6 |     9 |    11 ||    27
       Bread ration      |       |       |     1 |     3 ||     4
Armor: Animal skin       |     2 |       |       |       ||     2
       Chain mail        |    28 |     5 |       |       ||    33
       Plate armour      |       |    64 |   120 |   220 ||   404
Dodge: Dodged            |    43 |    43 |    74 |   140 ||   300
